 Dungeon Crawl Stone Soup version 0.18.1-50-g88ac8fd (webtiles) character file.

101 Patate the Ruffian (level 4, -2/35 HPs)
             Began as a Troll Fighter on Oct 22, 2016.
             Killed from afar by a white imp (11 damage)
             ... with a puff of frost
             ... summoned by Natasha
             ... on level 3 of the Dungeon on Oct 23, 2016.
             The game lasted 00:08:53 (1545 turns).

Patate the Ruffian (Troll Fighter)                  Turns: 1545, Time: 00:08:54

Health: -2/35      AC:  8    Str: 25    XL:     4   Next: 48%
Magic:  3/3        EV:  8    Int:  4    God:
Gold:   123        SH:  9    Dex:  9    Spells: 0 memorised, 3 levels left

rFire  . . .     SeeInvis .       - Unarmed
rCold  . . .     Gourm    +     a - +0 robe
rNeg   . . .     Faith    .     b - +0 shield
rPois  .         Spirit   .     (helmet restricted)
rElec  .         Dismiss  .     g - +2 cloak
rCorr  .         Reflect  .     (gloves unavailable)
SustAt +         Harm     .     (boots unavailable)
MR     .....                    n - amulet of inaccuracy (curse)
Stlth  +.........               (no ring)
                                f - ring of sustain attributes

@: not resistant to hostile enchantments, very unstealthy
A: unfitting armour, claws 3, deterioration 1, fast metabolism 3, frail 2,
gourmand, regeneration 2, shaggy fur 1, tough skin 2
a: no special abilities


You were on level 3 of the Dungeon.
You were very full.

You visited 1 branch of the dungeon, and saw 3 of its levels.

You collected 123 gold pieces.

Inventory:

Armour
 a - a +0 robe (worn)
 b - a +0 shield (worn)
 g - a +2 cloak (worn)
Jewellery
 f - a ring of sustain attributes (left claw)
 i - an uncursed amulet of magic regeneration {unknown}
 n - a cursed amulet of inaccuracy (around neck)
Wands
 m - a wand of acid (5/15)
Potions
 c - a potion of might
 e - a potion of curing
 j - 2 potions of brilliance
Comestibles
 d - 5 bread rations
 h - a beef jerky
 l - 2 chunks of flesh


   Skills:
 + Level 2.9 Fighting
 - Level 2.4 Dodging
 + Level 3.1 Shields
 * Level 3.6 Unarmed Combat


You had 3 spell levels left.
You didn't know any spells.

Dungeon Overview and Level Annotations

Branches:
Dungeon (2/15)

Altars:

Annotations:
D:3 Natasha


Innate Abilities, Weirdness & Mutations

You are too large for most types of armour.
You have claws for hands.
Your metabolism is lightning-fast.
You like to eat raw meat.
You heal very quickly.
You are covered in fur (AC +1).
You have very tough skin (AC +2).
Your body sometimes deteriorates upon taking damage.
You are very frail (-20% HP).


Message History

Natasha is severely wounded.
Natasha stares at you and mumbles some strange words.
The magic dart hits you!
You miss Natasha.
Natasha is severely wounded.
The crimson imp blinks!
Natasha stares at you and mumbles some strange words.
The magic dart hits you!
* * * LOW HITPOINT WARNING * * *
You miss Natasha.
Natasha is severely wounded.
The crimson imp blinks!
You scratch Natasha.
Natasha is almost dead.
The white imp closely misses you. Natasha claws you but does no damage.
You closely miss Natasha.
Natasha is almost dead.
The white imp gestures at you. The puff of frost hits you!
You die...

#########.#
#..5@h55..#
#.#########
#.#.......#
#.#.#####.#
#.........#
###.########
#........#
#..#####.#
#..# #.#


You could see Natasha, 2 crimson imps and a white imp.

Vanquished Creatures
  5 adders
  An ooze (D:3)
  A worm (D:2)
  A dart slug (D:1)
  2 giant geckos (D:2)
  A ball python (D:1)
  5 bats
  2 giant cockroaches (D:1)
  8 goblins
  7 hobgoblins
  4 jackals
  2 giant newts
  2 kobolds
  2 rats
43 creatures vanquished.

Notes
Turn   | Place    | Note
--------------------------------------------------------------
     0 | D:1      | Patate the Troll Fighter began the quest for the Orb.
     0 | D:1      | Reached XP level 1. HP: 22/22 MP: 0/0
   136 | D:1      | Reached XP level 2. HP: 9/29 MP: 1/1
   800 | D:2      | Reached XP level 3. HP: 36/36 MP: 2/2
  1102 | D:2      | Gained mutation: You are frail (-10% HP). [potion of mutation]
  1102 | D:2      | Gained mutation: Your body sometimes deteriorates upon taking damage. [potion of mutation]
  1102 | D:2      | Gained mutation: You are very frail (-20% HP). [potion of mutation]
  1226 | D:2      | Reached XP level 4. HP: 26/35 MP: 3/3
  1297 | D:2      | You fall through a shaft!
  1520 | D:3      | Noticed Natasha
  1545 | D:3      | Killed from afar by a white imp

Skill      XL: |  1  2  3 |
---------------+----------+-----
Unarmed Combat | 3 |  3.6
Shields        | 3 |  3.1
Fighting       | |  2.9
Dodging        | |  2.4

Action                   |  1- 3 |  4- 6 || total
-------------------------+-------+-------++-------
Melee: Unarmed           |   124 |    60 ||   184
  Use: Scroll            |     5 |     1 ||     6
       Potion            |     3 |       ||     3
 Stab: Sleeping          |     1 |       ||     1
  Eat: Chunk             |    18 |     2 ||    20
Armor: Robe              |    53 |    23 ||    76
Dodge: Dodged            |    58 |    26 ||    84
Block: Shield            |    41 |    27 ||    68
